 Dungeon Crawl Stone Soup version 0.21.1-1-g345015f (webtiles) character file.

311404 Inchmeat the Conqueror (level 21, -1/246 HPs)
             Began as a Hill Orc Fighter on Feb 27, 2018.
             Was the Champion of Ru.
             Slain by a vault warden
             ... wielding a +0 glaive
              (21 damage)
             ... on level 5 of the Vaults on Feb 28, 2018.
             The game lasted 02:34:55 (42761 turns).

Inchmeat the Conqueror (Hill Orc Fighter)          Turns: 42761, Time: 02:34:56

Health: -1/246     AC: 43    Str: 28    XL:     21   Next: 28%
Magic:  14/21      EV:  8    Int: 15    God:    Ru [******]
Gold:   1624       SH:  0    Dex: 14    Spells: 4/20 levels left

rFire    + . .     SeeInvis .   d - +8 battleaxe (flame)
rCold    + . .     Gourm    .   (shield currently unavailable)
rNeg     . . .     Faith    .   c - +14 plate armour "Eryash" {rC+ rCorr Str-2}
rPois    .         Spirit   .   D - +2 helmet {Int+3}
rElec    .         Reflect  .   t - +1 cloak {rC+}
rCorr    +         Harm     .   M - +1 pair of gloves {Str+3}
MR       +....                  B - +1 pair of boots of Understanding {Str+2}
Stlth    ..........             h - amulet of Gofeih {Regen+ Dex+6}
HPRegen  0.91/turn              J - ring of fire
MPRegen  0.17/turn              b - ring of resist corrosion

@: exhausted, horrified, very slightly contaminated, heavily drained
A: molten scales 1, clumsy 1, mutation resistance 1, robust 1, no stealth,
inability to use devices, hated by all, cowardly, no air magic, no charms magic,
no transmutations magic
}: 2/15 runes: decaying, serpentine
a: Draw Out Power, Power Leap, Apocalypse, Renounce Religion


You were on level 5 of the Vaults.
You worshipped Ru.
Ru was exalted by your worship.
You were near starving.

You visited 7 branches of the dungeon, and saw 37 of its levels.
You visited the Abyss 1 time.
You also visited: Labyrinth and Ice Cave.

You collected 4100 gold pieces.
You spent 2476 gold pieces at shops.

Inventory:

Hand Weapons
 a - a +3 hand crossbow
 d - a +8 battleaxe of flaming (weapon)
 m - a +4 demon whip of electrocution
 x - a +0 triple crossbow
 E - a +0 battleaxe of freezing
 G - the +2 war axe of the Heavens {antimagic, Int+2}
   (You found it on level 8 of the Dungeon)

   It reduces the magical energy of the wielder, and disrupts the spells and
   magical abilities of those hit.
   Natural abilities and divine invocations are not affected.
   It affects your intelligence (+2).
 S - a +2 arbalest of flaming
Missiles
 L - 981 bolts
Armour
 c - the +14 plate armour "Eryash" (worn) {rC+ rCorr Str-2}
   (You found it on level 2 of the Vaults)

   It affects your strength (-2).
   It protects you from cold.
   It protects you from acid and corrosion.
 i - a +1 pair of boots of flying
 t - a +1 cloak of cold resistance (worn)
 w - the +4 shield of the Disturbing Dances {rElec Int+6}
   (You bought it in a shop on level 2 of the Orcish Mines)

   It affects your intelligence (+6).
   It insulates you from electricity.
 B - the +1 pair of boots of Understanding (worn) {Str+2}
   (You found it in an ice cave)

   It affects your strength (+2).
 D - a +2 helmet of intelligence (worn)
 M - a +1 pair of gloves of strength (worn)
 O - the +11 plate armour "Jasac" {rElec Str+4}
   (You took it off a minotaur in a labyrinth)

   It affects your strength (+4).
   It insulates you from electricity.
 R - the +8 plate armour "Higodoec" {rC+}
   (You found it on level 2 of the Lair of Beasts)

   It protects you from cold.
Jewellery
 b - a ring of resist corrosion (right hand)
 h - the amulet of Gofeih (around neck) {Regen+ Dex+6}
   (You bought it in a shop on level 2 of the Orcish Mines)

   [amulet of regeneration]

   It affects your dexterity (+6).
   It increases your rate of regeneration.
 q - an uncursed ring of ice
 A - an uncursed ring of poison resistance
 J - a ring of fire (left hand)
Scrolls
 e - 3 scrolls of identify {@r1}
 g - a scroll of silence
 n - 10 scrolls of teleportation
 y - 5 scrolls of magic mapping
 z - 3 scrolls of holy word
 C - 8 scrolls of amnesia
 F - 7 scrolls of fog
 Q - 11 scrolls of remove curse {@r2}
Potions
 j - a potion of berserk rage
 k - 9 potions of curing {@q1}
 l - 4 potions of lignification
 o - 5 potions of brilliance
 p - 3 potions of resistance
 u - 2 potions of magic
 v - a potion of cancellation {unknown}
 H - 2 potions of ambrosia
 I - 2 potions of might
 N - 4 potions of mutation {!q}
 P - 8 potions of flight
Books
 r - a book of the Warp

   Spells                             Type                      Level
   a - Gell's Gravitas                Translocation                3
   b - Portal Projectile              Hexes/Translocation          3
   c - Force Lance                    Conjuration/Translocation    4
   d - Dispersal                      Translocation                6
   e - Controlled Blink               Translocation                8
   f - Disjunction                    Translocation                8
Comestibles
 f - 63 rations


   Skills:
 O Level 27(24.4) Fighting
 - Level 20.2(18.0) Axes
 - Level 2.7(10.2) Maces & Flails
 * Level 12.1(10.2) Crossbows
 * Level 15.2(13.2) Armour
 - Level 4.3(2.7) Shields
 - Level 8.4(6.6) Translocations
 - Level 6.9(5.2) Fire Magic


You had 4 spell levels left.
You knew the following spells:

 Your Spells              Type           Power        Failure   Level  Hunger
a - Conjure Flame         Conj/Fire      ##......     88%         3    ####...
b - Blink                 Tloc           N/A          19%         2    ###....
c - Flame Tongue          Conj/Fire      ##...        54%         1    ##.....
d - Sticky Flame          Conj/Fire      ##......     99%         4    #####..
e - Bolt of Fire          Conj/Fire      ##........   100%        6    #######


Dungeon Overview and Level Annotations

Branches:
Dungeon (15/15)            Temple (1/1) D:4            Lair (6/6) D:8
  Swamp (4/4) Lair:3        Snake (4/4) Lair:2        Slime (0/5) Lair:6
    Orc (2/2) D:11            Elf (0/3) Orc:2        Vaults (5/5) D:14
  Crypt (0/3) Vaults:2     Depths (0/5) D:15

Altars:
Elyvilon
Gozag
Kikubaaqudgha
Makhleb
Okawaru
Ru
Uskayaw
Vehumet
Xom
Yredelemnul
Zin

Shops:
D:5 *[=[=[   Orc:2 ?==[   Snake:2 %   Vaults:1 !   Vaults:3 :

Annotations:
Swamp:4 Lernaean hydra
Vaults:5 FangTR18's ghost, veteran GrEE; Salasann's ghost, veteran TeCj


Innate Abilities, Weirdness & Mutations

You are clumsy. (Dex -2)
You cannot be stealthy.
You cannot study or use magical devices.
You are hated by all.
Your cowardice makes you less effective in combat with threatening monsters.
You cannot study or cast Air magic.
You cannot study or cast Charms magic.
You cannot study or cast Transmutations magic.
You are partially covered in molten scales. (AC +2)
You are somewhat resistant to further mutation.
You are robust. (+10% HP)


Message History

Ye slash tha vault ward'n!
Ye burn tha vault ward'n.
Tha vault ward'n be lightly wounded.
Ye slice tha ironbrand convoker!!
Ye burn tha ironbrand convoker.
Ye slice tha ironbrand convoker!!
Ye burn tha ironbrand convoker.
Ye kill tha ironbrand convoker!
Ye hit tha yaktaur.
Ye burn tha yaktaur.
Ye slash tha vault ward'n!
Ye burn tha vault ward'n.
Tha vault ward'n be stunn'd by yer will an' fails ta attack.
Tha yaktaur unwields an uncursed arbalest.
Tha yaktaur barely misses ye.
Ye feel a twist o' horror at tha sight o' 'tis foe.
A vault ward'n comes inta view.
It be wieldin' a glaive.
Ye hit tha vault ward'n but do nay damage.
Tha vault ward'n be moderately wounded.
Ye barely miss tha yaktaur.
Ye redirect tha vault ward'n's attack!
Tha vault ward'n hits itself wit' a long sword o' drainin'!
Tha vault ward'n drains itself!
Tha vault ward'n hits ye from afar wit' a glaive!!
Ye die...

... #...
..c.#
#[..#
#....
##§§.#
##§p§.##
#§c§§%.#
#§@##...#
#§p§# ##
##§..#
#....#
.p.....
..##....
.## ..#..
..##.


You could see 2 vault wardens and a yaktaur.

Vanquished Creatures
  Jorgrun (Vaults:4)
  2 tentacled monstrosities
  Asterion (Vaults:2)
  A titan (Vaults:5)
  A storm dragon (Vaults:4)
  Donald (Snake:1)
  A tengu reaver (Vaults:5)
  A thorn hunter (Swamp:3)
  7 nagarajas (Snake:4)
  A frost giant (Vaults:5)
  2 fire giants
  9 vault wardens
  Aizul (Swamp:3)
  9 ironheart preservers
  2 very ugly things
  A war gargoyle (Vaults:3)
  4 stone giants
  2 deep elf annihilators (Vaults:2)
  Nessos (Lair:6)
  2 ettins
  A deep elf high priest (Vaults:5)
  2 deep elf death magi (Vaults:2)
  A minotaur (Lab)
  2 fire dragons
  4 great orbs of eyes
  8 yaktaur captains
  3 ice dragons
  Erolcha (D:12)
  23 hydras
  30 vault guards
  A ghost crab (Swamp:3)
  13 naga warriors
  9 centaur warriors
  11 anacondas
  23 two-headed ogres
  3 death knights
  A dancing weapon (Vaults:5)
  5 ogre magi
  3 death yaks (Lair:3)
  10 alligators
  A deep troll shaman (Vaults:4)
  2 tengu warriors (D:14)
  4 orc high priests
  Urug (D:15)
  7 naga sharpshooters
  13 shock serpents
  6 deep elf knights
  A hell knight (Vaults:5)
  Sonja (Lair:3)
  3 skeletal warriors (Vaults:1)
  A fire crab (Lair:6)
  A shadow wraith (Vaults:3)
  A sea snake (Snake:1)
  3 shambling mangroves
  9 deep trolls
  2 wizards
  2 spriggan druids
  8 naga ritualists
  9 deep elf archers
  10 ironbrand convokers
  10 swamp dragons
  4 necromancers
  14 orc knights
  A wolf spider zombie (D:14)
  5 orc sorcerers
  13 mana vipers
  4 wolf spiders
  A harpy (shapeshifter) (D:14)
  21 ugly things
  An orb spider (shapeshifter) (Vaults:3)
  A harpy (Vaults:4)
  10 deep elf magi
  Pikel (D:3)
  2 manticores
  8 salamanders
  7 cyclopes
  A moth of wrath (shapeshifter) (D:15)
  A black mamba (shapeshifter) (Vaults:1)
  9 elephants
  A guardian serpent (Snake:1)
  Joseph (D:8)
  18 vault sentinels
  2 ice statues (IceCv)
  27 naga magi
  Psyche (D:8)
  35 black mambas
  2 molten gargoyles (Lair:6)
  2 gargoyles
  19 spiny frogs
  8 komodo dragons
  A spiny frog (shapeshifter) (D:13)
  2 rime drakes
  28 yaktaurs
  3 freezing wraiths
  An entropy weaver simulacrum (Vaults:2)
  2 tengu conjurers (D:14)
  An efreet (D:13)
  11 ice devils (IceCv)
  A troll (shapeshifter) (Vaults:1)
  A queen bee (Lair:3)
  A meliai (shapeshifter) (Vaults:4)
  A jumping spider (shapeshifter) (Vaults:3)
  3 meliai (D:15)
  8 trolls
  A merfolk (shapeshifter) (Vaults:2)
  4 polar bears
  6 tyrant leeches
  14 hornets
  A blink frog (shapeshifter) (Vaults:3)
  9 bog bodies
  26 slime creatures
  Prince Ribbit (D:8)
  4 dream sheep (Lair:6)
  A minotaur skeleton (Lab)
  A raiju (shapeshifter) (Vaults:1)
  8 hippogriffs
  9 blink frogs
  A centaur simulacrum (D:14)
  2 shadows
  A spriggan (shapeshifter) (D:13)
  A tarantella (shapeshifter) (Vaults:3)
  Sigmund (D:6)
  6 spriggans
  7 wyverns
  A hungry ghost (D:14)
  2 wraiths
  A ynoxinul (Abyss:1)
  7 basilisks
  A human (D:7)
  20 yaks
  A hog (D:7)
  Eustachio (D:5)
  The ghost of Rocketpants the Chopper, an amateur DsBe of Trog (D:4)
  A basilisk (shapeshifter) (D:13)
  2 steam dragons (Lair:6)
  11 vampire mosquitoes
  3 wargs
  Edmund (D:4)
  48 nagas
  22 swamp worms
  4 insubstantial wisps (Swamp:2)
  An acid dragon (D:14)
  An acid dragon (shapeshifter) (D:15)
  4 hell hounds (Lair:6)
  33 water moccasins
  13 swamp drakes
  34 orc warriors
  10 porcupines
  4 sky beasts
  3 slaves
  A black bear (D:8)
  4 wolves
  2 phantoms
  18 ogres
  A necrophage (D:7)
  5 boggarts (Vaults:1)
  22 centaurs
  7 crocodiles
  Blork the orc (D:5)
  20 bullfrogs
  A human zombie (Vaults:3)
  3 human skeletons
  5 scorpions
  A water moccasin skeleton (D:6)
  A small abomination (Lair:3)
  An orc simulacrum (Vaults:2)
  A human simulacrum (Vaults:3)
  14 killer bees (Lair:3)
  2 electric eels (Snake:1)
  6 howler monkeys
  10 crimson imps
  4 centaur zombies
  4 lava snakes (Lair:6)
  A quasit (D:11)
  3 jellies
  28 orc priests
  8 hounds
  Crazy Yiuf (D:4)
  A bullfrog skeleton (D:6)
  5 centaur skeletons
  4 iguanas
  Terence (D:2)
  23 orc wizards
  6 hell rats (Lair:6)
  7 worker ants
  3 hound zombies
  2 hound skeletons
  4 gnolls
  31 adders
  2 shadow imps
  9 white imps (IceCv)
  7 ufetubi (IceCv)
  2 adder zombies (D:8)
  An adder skeleton (D:5)
  4 worms
  A dart slug (D:3)
  5 leopard geckos
  92 orcs
  2 ball pythons
  4 giant cockroaches
  8 goblins
  6 hobgoblins
  18 jackals
  9 kobolds
  6 quokkas
  7 bats
  7 frilled lizards
  A jackal skeleton (D:4)
  A quokka skeleton (D:4)
  A quokka zombie (D:6)
  8 rats
  A briar patch (Swamp:3)
  6 fungi
1387 creatures vanquished.

Vanquished Creatures (others)
  Margery (Vaults:5)
  A shadow dragon (Vaults:5)
  A tengu reaver (Vaults:5)
  A deep elf sorcerer (Vaults:3)
  A vault warden (Vaults:1)
  An ironheart preserver (Vaults:3)
  2 very ugly things (Vaults:5)
  A blizzard demon (IceCv)
  A deep elf high priest (Vaults:5)
  11 vault guards (Vaults:5)
  3 hydras
  A hell knight (Vaults:5)
  A necromancer (Vaults:5)
  A cyclops (shapeshifter) (Vaults:5)
  A deep elf mage (Vaults:5)
  A black mamba (Snake:1)
  A vault sentinel (Vaults:5)
  A spiny frog (Swamp:3)
  2 naga magi
  3 yaktaurs (Vaults:5)
  A bog body (Swamp:4)
  A slime creature (Swamp:4)
  Menkaure (D:4)
  A naga (Snake:1)
  A slave (D:4)
  An orc wizard (Orc:1)
  3 white imps (IceCv)
  An ufetubus (IceCv)
  10 ball lightnings (Vaults:5)
  A briar patch (Swamp:3)
  3 fungi
  24 plants
84 creatures vanquished.

Grand Total: 1471 creatures vanquished

Notes
Turn   | Place    | Note
-------+----------+-------------------------------------------
     0 | D:1      | Inchmeat the Hill Orc Fighter began the quest for the Orb.
     0 | D:1      | Reached XP level 1. HP: 19/19 MP: 1/1
    67 | D:1      | Reached XP level 2. HP: 10/26 MP: 2/2
   567 | D:1      | Reached XP level 3. HP: 23/31 MP: 3/3
   941 | D:2      | Reached skill level 5 in Axes
   950 | D:2      | Found an opulent altar of Gozag.
  1030 | D:2      | Found a white marble altar of Elyvilon.
  1156 | D:2      | Noticed Terence
  1159 | D:2      | Reached XP level 4. HP: 37/39 MP: 4/4
  1164 | D:2      | Killed Terence
  1942 | D:3      | Reached XP level 5. HP: 45/45 MP: 5/5
  3046 | D:4      | Noticed Rocketpants's ghost (amateur DsBe)
  3060 | D:4      | Killed Rocketpants's ghost
  3060 | D:4      | Reached XP level 6. HP: 48/51 MP: 6/6
  3142 | D:4      | Noticed a slave
  3152 | D:4      | Noticed Pikel
  3169 | D:3      | Killed a slave
  3297 | D:4      | Noticed a slave
  3299 | D:4      | Noticed a slave
  3313 | D:3      | Killed Pikel
  3313 | D:3      | Reached XP level 7. HP: 26/57 MP: 7/7
  3492 | D:4      | Found a runed door.
  3712 | D:4      | Killed Menkaure
  3819 | D:4      | Found a staircase to the Ecumenical Temple.
  3840 | D:4      | Noticed a freed slave
  3877 | D:4      | Noticed Edmund
  3902 | D:4      | Killed Edmund
  3902 | D:4      | Reached XP level 8. HP: 41/64 MP: 8/8
  4181 | D:4      | Noticed Crazy Yiuf
  4188 | D:4      | Killed Crazy Yiuf
  4321 | D:5      | Entered Level 5 of the Dungeon
  4321 | D:5      | Found Kalyo's Jewellery Shoppe.
  4321 | D:5      | Found Tuneug's Armour Emporium.
  4663 | D:5      | Bought an uncursed ring of poison resistance for 200 gold pieces
  4778 | D:5      | Noticed Eustachio
  4806 | D:5      | Killed Eustachio
  4871 | D:5      | Noticed Blork the orc
  4878 | D:5      | Killed Blork the orc
  4880 | D:5      | Found Voniosh's Armour Boutique.
  4881 | D:5      | Found Peud's Jewellery Boutique.
  4898 | D:5      | Found Yqoacw's Antique Armour Boutique.
  4914 | D:5      | Found Gozag's Platinum Reserve.
  4923 | D:5      | Found an opulent altar of Gozag.
  5157 | D:6      | Noticed Sigmund
  5162 | D:6      | Killed Sigmund
  5162 | D:6      | Reached XP level 9. HP: 70/70 MP: 9/9
  5357 | D:6      | Found a radiant altar of Vehumet.
  5613 | D:6      | Reached skill level 15 in Axes
  5721 | D:6      | Found a sacrificial altar of Ru.
  6099 | D:6      | Became a worshipper of Ru the Awakened
  6382 | D:7      | Gained mutation: You are dopey. (Int -2) [potion of mutation]
  6382 | D:7      | Gained mutation: You are resistant to electric shocks. (rElec) [potion of mutation]
  6382 | D:7      | Gained mutation: You are frail. (-10% HP) [potion of mutation]
  6382 | D:7      | Gained mutation: You are partially covered in thin metallic scales. (AC +2) [potion of mutation]
  6383 | D:7      | Lost mutation: You are dopey. (Int -2) [potion of mutation]
  6383 | D:7      | Gained mutation: You are occasionally teleported next to monsters. [potion of mutation]
  6383 | D:7      | Gained mutation: You are partially covered in molten scales. (AC +2) [potion of mutation]
  6383 | D:7      | Gained mutation: Your magical capacity is low. (-10% MP) [potion of mutation]
  6383 | D:7      | Gained mutation: Your muscles are strong. (Str +2) [potion of mutation]
  6384 | D:7      | Lost mutation: You are resistant to electric shocks. (rElec) [potion of mutation]
  6384 | D:7      | Lost mutation: Your magical capacity is low. (-10% MP) [potion of mutation]
  6384 | D:7      | Lost mutation: Your muscles are strong. (Str +2) [potion of mutation]
  6384 | D:7      | Lost mutation: You are occasionally teleported next to monsters. [potion of mutation]
  6384 | D:7      | Gained mutation: Scrolls take you a little longer to read. [potion of mutation]
  6384 | D:7      | Gained mutation: Your flesh is heat resistant. (rF+) [potion of mutation]
  6511 | D:7      | Found an iron altar of Okawaru.
  6798 | D:7      | Reached skill level 4 in Fighting
  6813 | D:7      | Reached skill level 5 in Fighting
  6826 | D:7      | Reached skill level 6 in Fighting
  6826 | D:7      | Reached XP level 10. HP: 74/75 MP: 10/10
  6836 | D:7      | Reached skill level 7 in Fighting
  6979 | D:7      | Found a hide-covered altar of Uskayaw.
  6980 | D:7      | Found a glowing silver altar of Zin.
  7203 | D:8      | Reached skill level 8 in Fighting
  7216 | D:8      | Noticed Joseph
  7240 | D:8      | Killed Joseph
  7240 | D:8      | Reached skill level 9 in Fighting
  7306 | D:8      | Got a slimy war axe
  7309 | D:8      | Identified the cursed +2 war axe of the Heavens {antimagic, Int+2} (You found it on level 8 of the Dungeon)
  7321 | D:8      | Got a warped falchion
  7324 | D:8      | Identified the cursed +0 falchion of Kearimn {flame, Int+2} (You found it on level 8 of the Dungeon)
  7347 | D:8      | Noticed Psyche
  7377 | D:8      | Killed Psyche
  7377 | D:8      | Reached skill level 10 in Fighting
  7415 | D:8      | Noticed Prince Ribbit
  7431 | D:8      | Killed Prince Ribbit
  7472 | D:8      | Found a burning altar of Makhleb.
  7524 | D:8      | Reached skill level 11 in Fighting
  7558 | D:8      | Found a staircase to the Lair.
  7792 | D:8      | Noticed a two-headed ogre
  7806 | D:8      | Killed a two-headed ogre
  7806 | D:8      | Reached skill level 12 in Fighting
  8592 | D:9      | Reached XP level 11. HP: 93/93 MP: 3/11
  9195 | D:9      | Reached skill level 13 in Fighting
  9671 | D:10     | Entered Level 10 of the Dungeon
  9938 | D:10     | Reached skill level 14 in Fighting
 10223 | D:10     | Gained mutation: Your cowardice makes you less effective in combat with threatening monsters. [Ru sacrifice]
 10223 | D:10     | Reached * piety under Ru
 11096 | D:11     | Noticed a two-headed ogre
 11125 | D:11     | Killed a two-headed ogre
 11125 | D:11     | Reached skill level 15 in Fighting
 11330 | D:11     | Found a staircase to the Orcish Mines.
 11513 | D:11     | Noticed a death knight
 11543 | D:11     | Killed a death knight
 12044 | Orc:1    | Entered Level 1 of the Orcish Mines
 12098 | Orc:1    | Reached XP level 12. HP: 109/109 MP: 4/12
 12213 | Orc:1    | Reached skill level 16 in Fighting
 12402 | Orc:2    | Entered Level 2 of the Orcish Mines
 12402 | Orc:2    | Noticed a stone giant
 12620 | Lair:1   | Entered Level 1 of the Lair of Beasts
 12721 | Lair:1   | Gained mutation: You cannot study or cast Air magic. [Ru sacrifice]
 12721 | Lair:1   | Gained mutation: You cannot study or cast Transmutations magic. [Ru sacrifice]
 12721 | Lair:1   | Gained mutation: You cannot study or cast Charms magic. [Ru sacrifice]
 12721 | Lair:1   | Reached ** piety under Ru
 13000 | Lair:1   | Noticed an ice dragon
 13012 | Lair:1   | HP: 5/111 [komodo dragon (12)]
 13618 | Lair:1   | Killed an ice dragon
 13870 | Lair:1   | Lost mutation: Scrolls take you a little longer to read. [potion of mutation]
 13870 | Lair:1   | Lost mutation: You are partially covered in thin metallic scales. (AC +2) [potion of mutation]
 13870 | Lair:1   | Lost mutation: You are frail. (-10% HP) [potion of mutation]
 13870 | Lair:1   | Lost mutation: Your flesh is heat resistant. (rF+) [potion of mutation]
 13870 | Lair:1   | Gained mutation: You are robust. (+10% HP) [potion of mutation]
 13870 | Lair:1   | Gained mutation: You are somewhat resistant to further mutation. [potion of mutation]
 13966 | Lair:2   | Reached skill level 17 in Fighting
 13967 | Lair:2   | Noticed a seven-headed hydra
 14162 | Lair:2   | Reached skill level 1 in Crossbows
 14365 | Lair:2   | Killed a one-headed hydra
 14485 | Lair:2   | Reached skill level 5 in Crossbows
 14917 | Lair:2   | Learned a level 3 spell: Conjure Flame
 15360 | Lair:2   | Gained mutation: You are clumsy. (Dex -2) [Ru sacrifice]
 15360 | Lair:2   | Reached *** piety under Ru
 15474 | Lair:2   | Found a staircase to the Snake Pit.
 15540 | Lair:2   | Got a spiked plate armour
 15551 | Lair:2   | Identified the +8 plate armour "Higodoec" {rC+} (You found it on level 2 of the Lair of Beasts)
 15910 | Lair:3   | Found a staircase to the Swamp.
 16018 | Lair:3   | Found a labyrinth entrance.
 16033 | Lab      | Entered a labyrinth
 16100 | Lab      | Found an exit through the horrors of the Abyss.
 16135 | Lab      | Reached skill level 5 in Armour
 16135 | Lab      | Reached XP level 13. HP: 131/145 MP: 4/13
 16583 | Lab      | Noticed a minotaur
 16596 | Lab      | Killed a minotaur
 16599 | Lab      | Got an ancient plate armour
 16623 | Lair:3   | Identified the +11 plate armour "Jasac" {rElec Str+4} (You took it off a minotaur in a labyrinth)
 16864 | Lair:3   | Noticed Sonja
 16888 | Lair:3   | Cast into level 1 of the Abyss (Sonja)
 16895 | Abyss:1  | Noticed a lich
 16945 | Abyss:1  | Found a sacrificial altar of Ru.
 16961 | Abyss:1  | Paralysed by a lich for 4 turns
 16986 | Lair:3   | Escaped the Abyss
 17091 | Lair:3   | Killed Sonja
 17190 | Lair:3   | Gained mutation: You cannot study or use magical devices. [Ru sacrifice]
 17190 | Lair:3   | Reached **** piety under Ru
 17190 | Lair:3   | Reached ***** piety under Ru
 17352 | Lair:3   | Learned a level 2 spell: Blink
 17511 | Lair:3   | Reached skill level 1 in Translocations
 19430 | Lair:5   | Reached skill level 5 in Translocations
 19734 | Lair:6   | Entered Level 6 of the Lair of Beasts
 19875 | Lair:6   | Reached XP level 14. HP: 153/154 MP: 4/14
 20087 | Lair:6   | Noticed Nessos
 20105 | Lair:6   | Killed Nessos
 20424 | Lair:6   | Reached skill level 18 in Fighting
 20890 | Lair:6   | Found a large runed door.
 20890 | Lair:6   | Found a large runed door.
 21154 | Lair:6   | Found a staircase to the Slime Pits.
 22109 | Orc:1    | Killed a stone giant
 22665 | Orc:1    | Paralysed by an orc sorcerer for 7 turns
 22808 | Orc:2    | Found Jalyud's Jewellery Emporium.
 22808 | Orc:2    | Found Mone's Magic Scroll Boutique.
 22810 | Orc:2    | Found Ususiofedgh's Armour Emporium.
 22810 | Orc:2    | Found Plog's Jewellery Boutique.
 22870 | Orc:2    | Bought the amulet of Gofeih {Regen+ Dex+6} for 595 gold pieces
 22881 | Orc:2    | Bought a scroll of fear for 49 gold pieces
 22881 | Orc:2    | Bought a scroll of identify for 28 gold pieces
 22881 | Orc:2    | Bought a scroll of identify for 28 gold pieces
 22881 | Orc:2    | Bought a scroll of fog for 28 gold pieces
 22881 | Orc:2    | Bought a scroll of fear for 49 gold pieces
 22890 | Orc:2    | Bought the +4 shield of the Disturbing Dances {rElec Int+6} for 766 gold pieces
 23153 | Orc:2    | Found a staircase to the Elven Halls.
 24105 | Orc:2    | Bought a scroll of enchant weapon for 105 gold pieces
 24110 | Orc:2    | Bought a +0 helmet of intelligence for 172 gold pieces
 24480 | D:12     | Reached skill level 19 in Fighting
 24843 | D:12     | Noticed Erolcha
 24858 | D:12     | Killed Erolcha
 25366 | D:13     | Reached XP level 15. HP: 167/167 MP: 5/15
 25861 | D:14     | Reached skill level 20 in Fighting
 26131 | D:14     | Found a gate to the Vaults.
 26435 | D:14     | You fall through a shaft!
 26435 | D:15     | Entered Level 15 of the Dungeon
 26683 | D:15     | Noticed Urug
 26870 | D:15     | Killed Urug
 27097 | D:15     | Found a staircase to the Depths.
 28228 | Swamp:1  | Entered Level 1 of the Swamp
 28377 | Swamp:1  | Reached XP level 16. HP: 141/181 MP: 16/16
 29065 | Swamp:3  | Reached skill level 21 in Fighting
 29070 | Swamp:3  | Noticed Aizul
 29083 | Swamp:3  | Noticed a thorn hunter
 29475 | Swamp:3  | Killed Aizul
 29622 | Swamp:3  | Killed a thorn hunter
 29717 | Swamp:3  | Found a frozen archway.
 29721 | IceCv    | Entered an ice cave
 30016 | IceCv    | Got a pair of encrusted boots
 30038 | IceCv    | Identified the +1 pair of boots of Understanding {Str+2} (You found it in an ice cave)
 30540 | Swamp:3  | Reached skill level 1 in Maces & Flails
 30800 | Swamp:4  | Entered Level 4 of the Swamp
 30881 | Swamp:4  | Reached skill level 1 in Fire Magic
 31002 | Swamp:4  | Noticed the 27-headed Lernaean hydra
 31006 | Swamp:4  | Reached skill level 5 in Fire Magic
 31007 | Swamp:4  | Noticed a tentacled monstrosity
 31037 | Swamp:4  | Killed a tentacled monstrosity
 31062 | Swamp:4  | Got a transparent scale mail
 31099 | Swamp:4  | Reached XP level 17. HP: 78/193 MP: 17/17
 31283 | Swamp:4  | Got a decaying rune of Zot
 31294 | Swamp:4  | Identified 2 scrolls of acquirement
 31298 | Swamp:4  | Got an iridescent lajatang
 32162 | Snake:1  | Entered Level 1 of the Snake Pit
 32700 | Snake:1  | Reached skill level 10 in Crossbows
 33083 | Snake:2  | Reached skill level 22 in Fighting
 33094 | Snake:2  | Reached skill level 10 in Armour
 33167 | Snake:2  | Noticed Donald
 33219 | Snake:1  | Killed Donald
 33374 | Snake:2  | Found Hyeczalim's Food Shop.
 34479 | Snake:4  | Entered Level 4 of the Snake Pit
 34548 | Snake:4  | Found a shimmering altar of Xom.
 34701 | Snake:4  | Reached XP level 18. HP: 188/205 MP: 18/18
 34886 | Snake:4  | Identified the +4 scale mail of the Vestibule of Hell {Stlth+} (You found it on level 4 of the Swamp)
 34979 | Snake:4  | Reached skill level 23 in Fighting
 35369 | Snake:4  | Gained mutation: You are hated by all. [Ru sacrifice]
 35597 | Snake:4  | Got a serpentine rune of Zot
 36595 | Temple   | Entered the Ecumenical Temple
 36611 | Temple   | Learned a level 1 spell: Flame Tongue
 36616 | Temple   | Learned a level 4 spell: Sticky Flame
 36623 | Temple   | Learned a level 6 spell: Bolt of Fire
 36912 | Vaults:1 | Entered Level 1 of the Vaults
 37156 | Vaults:1 | Reached skill level 24 in Fighting
 37376 | Vaults:1 | Gained mutation: You cannot be stealthy. [Ru sacrifice]
 37376 | Vaults:1 | Reached ****** piety under Ru
 37529 | Vaults:1 | Reached XP level 19. HP: 217/217 MP: 19/19
 38229 | Vaults:1 | Found Kotyseex's Distillery.
 38239 | Vaults:1 | Bought a potion of resistance for 190 gold pieces
 38239 | Vaults:1 | Bought a potion of might for 76 gold pieces
 38239 | Vaults:1 | Bought a potion of resistance for 190 gold pieces
 38377 | Vaults:2 | Reached skill level 25 in Fighting
 38652 | Vaults:2 | Noticed Asterion
 38806 | Vaults:2 | Killed Asterion
 38813 | Vaults:2 | Got an ichor-stained plate armour
 38820 | Vaults:2 | Identified the +14 plate armour "Eryash" {rC+ rCorr Str-2} (You found it on level 2 of the Vaults)
 39278 | Vaults:2 | Found a staircase to the Crypt.
 39278 | Vaults:2 | Found an ancient bone altar of Kikubaaqudgha.
 39278 | Vaults:2 | Found a basalt altar of Yredelemnul.
 39581 | Vaults:2 | Reached skill level 26 in Fighting
 39968 | Vaults:3 | Reached XP level 20. HP: 204/234 MP: 20/20
 39970 | Vaults:3 | Paralysed by a great orb of eyes for 7 turns
 40193 | Vaults:3 | Found Qisatun's Book Shop.
 40372 | Vaults:3 | Paralysed by an ogre mage for 5 turns
 40411 | Vaults:3 | Paralysed by a great orb of eyes for 2 turns
 40836 | Vaults:3 | Reached skill level 27 in Fighting
 42309 | Vaults:4 | Noticed Jorgrun
 42314 | Vaults:4 | Killed Jorgrun
 42571 | Vaults:5 | Entered Level 5 of the Vaults
 42571 | Vaults:5 | Noticed Salasann's ghost (veteran TeCj)
 42627 | Vaults:5 | Noticed Margery
 42629 | Vaults:5 | Reached XP level 21. HP: 235/246 MP: 12/21
 42636 | Vaults:5 | Killed Margery
 42682 | Vaults:5 | Noticed FangTR18's ghost (veteran GrEE)
 42683 | Vaults:5 | Noticed a golden dragon
 42693 | Vaults:5 | Reached skill level 15 in Armour
 42698 | Vaults:5 | Noticed an ancient lich
 42761 | Vaults:5 | Slain by a vault warden

Skill      XL: |  1  2  3  4  5  6  7  8  9 10 11 12 13 14 15 16 17 18 19 20 21 |
---------------+----------------------------------------------------------------+-----
Axes           | 3 4 5 6 8 11 14 16 17 19 20 | 20.2
Fighting       | 6 12 15 17 19 20 21 22 24 26 27 | 27.0
Crossbows      | 6 7 10 11 12 | 12.1
Armour         | 5 9 11 13 14 15 | 15.2
Translocations | 6 8 |  8.4
Shields        | 4 |  4.3
Maces & Flails | 2 |  2.7
Fire Magic     | 6 |  6.9

Action                   |  1- 3 |  4- 6 |  7- 9 | 10-12 | 13-15 | 16-18 | 19-21 || total
-------------------------+-------+-------+-------+-------+-------+-------+-------++-------
Melee: War axe           |   118 |   132 |   368 |   830 |   877 |       |       ||  2325
       Falchion          |       |       |       |    19 |    29 |       |       ||    48
       Battleaxe         |       |       |       |       |   361 |  1141 |   662 ||  2164
       Demon whip        |       |       |       |       |       |    32 |    24 ||    56
 Fire: Triple crossbow   |       |       |       |    16 |    10 |       |       ||    26
       Hand crossbow     |       |       |       |       |    20 |    14 |    18 ||    52
       Arbalest          |       |       |       |       |       |       |     4 ||     4
Throw: Tomahawk          |       |       |       |     1 |     2 |       |       ||     3
Invok: Sacrifice Courage |       |       |       |     1 |       |       |       ||     1
       Sacrifice Purity  |       |       |       |     1 |       |       |       ||     1
       Sacrifice Arcana  |       |       |       |     1 |       |       |       ||     1
       Sacrifice Artific |       |       |       |       |     1 |       |       ||     1
       Reject Sacrifices |       |       |       |       |     1 |       |       ||     1
       Draw Out Power    |       |       |       |       |       |     6 |     2 ||     8
       Apocalypse        |       |       |       |       |       |     2 |     7 ||     9
       Sacrifice Stealth |       |       |       |       |       |     1 |       ||     1
       Sacrifice Love    |       |       |       |       |       |     1 |       ||     1
  Use: Potion            |     1 |     2 |     3 |     7 |     6 |     9 |     9 ||    37
       Scroll            |       |    12 |     8 |    16 |    22 |    17 |    11 ||    86
 Stab: Invisible         |       |       |       |     4 |    27 |    17 |     8 ||    56
       Distracted        |       |       |       |     1 |     5 |     6 |     4 ||    16
       Paralysed         |       |       |       |       |     1 |     3 |    12 ||    16
  Eat: Chunk             |     1 |     7 |    11 |    18 |    24 |    10 |    13 ||    84
       Ration            |       |       |       |     3 |     6 |     6 |     1 ||    16
Armor: Scale mail        |    82 |    60 |       |    20 |       |       |       ||   162
       Plate armour      |       |       |    21 |     9 |  1040 |   916 |   412 ||  2398
       Chain mail        |       |       |   198 |   508 |       |       |       ||   706
Dodge: Dodged            |   102 |    72 |   109 |   280 |   459 |   376 |   176 ||  1574
Block: Shield            |       |       |       |       |    36 |    17 |     9 ||    62
       Rpst.: Falchion   |       |       |       |     3 |     1 |       |       ||     4
